 Dungeon Crawl Stone Soup version 0.15.0-14-g6bbbb5c (webtiles) character file.

479 Kashira the Sneak (level 7, -5/57 HPs)
             Began as a Naga Enchanter on Sept 5, 2014.
             Killed from afar by an orc wizard (8 damage)
             ... with a magic dart
             ... on Level 4 of the Dungeon.
             The game lasted 00:19:08 (3972 turns).

Kashira the Sneak (Naga Enchanter)                  Turns: 3972, Time: 00:19:08

HP  -5/57        AC  5     Str 15      XL: 7   Next: 11%
MP   4/15        EV 11     Int 16      God:
Gold 94          SH  0     Dex 12      Spells:  2 memorised,  7 levels left

rFire  x . .     SeeInvis +     l - +2 whip (elec)
rCold  + . .     Clarity  .     j - +2 robe {MR+}
rNeg   . . .     rCorr    .     (no shield)
rPois  +         rRot     .     (no helmet)
rElec  .         Spirit   .     (no cloak)
SustAb .         Warding  .     (no gloves)
rMut   .         Stasis   .     (no barding)
Gourm  .                        (no amulet)
MR     +....                    D - ring of ice
                                o - +4 ring of strength

@: very slightly contaminated, very slow, somewhat resistant to hostile
enchantments, fairly stealthy
A: spit poison, see invisible, deformed body, poison resistance, slowness 2, AC
+2
a: Spit Poison


You were on level 4 of the Dungeon.
You were hungry.

You visited 1 branch of the dungeon, and saw 4 of its levels.

You collected 94 gold pieces.

Inventory:

Hand weapons
 a - a cursed +1 dagger
 l - a +2 whip of electrocution (weapon)
 z - a +0 antimagic flail
Armour
 j - a +2 robe of magic resistance (worn)
Magical devices
 b - a wand of slowing (13)
 n - a wand of random effects (7)
 x - a wand of polymorph (3)
Comestibles
 d - 3 bread rations
 f - 7 fruits
 g - 2 slices of pizza
 p - a beef jerky
 A - a meat ration
 B - a royal jelly
Scrolls
 e - a scroll of noise {unknown}
 i - 2 scrolls of identify
 k - a scroll of amnesia
 m - a scroll of recharging {unknown}
 q - 3 scrolls of remove curse
 u - a scroll of immolation
 v - a scroll of fear {unknown}
 y - a scroll of magic mapping {unknown}
 C - a scroll of teleportation {unknown}
Jewellery
 o - a +4 ring of strength (left hand)
 D - a ring of ice (right hand)
Potions
 h - a potion of agility
 r - a potion of magic {unknown}
 s - a potion of curing {unknown}
 t - a potion of cancellation {unknown}
 w - a potion of restore abilities
Books
 c - a book of Maledictions

   Spells                             Type                      Level
   Corona                             Hexes                        1
   Sure Blade                         Hexes/Charms                 2
   Ensorcelled Hibernation            Hexes/Ice                    2
   *Confuse                           Hexes                        3
   *Dazzling Spray                    Conjuration/Hexes            3
   Enslavement                        Hexes                        4


   Skills:
 + Level 1.5 Fighting
 - Level 1.0 Short Blades
 + Level 1.1 Maces & Flails
 + Level 3.3 Dodging
 - Level 4.6 Stealth
 + Level 3.8 Spellcasting
 + Level 2.0 Conjurations
 + Level 4.6 Hexes
 + Level 0.2 Evocations


You had 7 spell levels left.
You knew the following spells:

 Your Spells              Type           Power        Failure   Level  Hunger
b - Dazzling Spray        Conj/Hex       ##......     14%         3    ###....
c - Confuse               Hex            ###.....     10%         3    ###....


Dungeon Overview and Level Annotations

Branches:
Dungeon (4/15)
 Temple: D:4-7

Altars:
Elyvilon
Kikubaaqudgha
Nemelex Xobeh
Xom

Annotations:
D:4 Eustachio, Prince Ribbit


Innate Abilities, Weirdness & Mutations

You cannot wear boots.
You can spit poison.
Your serpentine skin is tough (AC +2).
You have supernaturally acute eyesight.
Armour fits poorly on your strangely shaped body.
Your system is resistant to poisons.
You cover ground very slowly.


Message History

The orc priest appears confused.
The orc wizard hits you but does no damage.
You are electrocuted!
* * * LOW HITPOINT WARNING * * *
The orc wizard mumbles some strange words.
The orc wizard blinks!
The orc wizard hits you but does no damage.
The orc wizard hits you with a dagger of electrocution.
* * * LOW HITPOINT WARNING * * *
The orc wizard points at you and mumbles some strange words.
The puff of flame hits you! The fire burns you terribly!
* * * LOW HITPOINT WARNING * * *
The orc wizard points at you and mumbles some strange words.
The magic dart hits you!
* * * LOW HITPOINT WARNING * * *
The orc barely misses you. The orc wizard misses you.
The orc wizard casts a spell at you. The magic dart hits you!
You die...

.##.#..###......#.#. .
#............#.......
.#.##.........#..##..# .
..................## ..
... ..g#. #.......###..#
.## ....
#...##....##.###..## #.
.....
###.....oo...o.....####.
......
..........o..............
.
.##..#.@#..##.###..####.
###... #....<#..##.# #..#
. ......
#................# ...$..
...................#
.....# ###.##..##.##.#
#..# ..%..# #. #..##.##.#
#..# .....# # #l.# .# . .
#.... ...# .... ....


You could see an orc priest (inner flame), 2 orc wizards, an orc (inner flame),
a giant gecko (sleeping) and a goblin (sleeping).

Vanquished Creatures
  Menkaure (D:4)
  A giant frog (D:3)
  Jessica (D:2)
  11 adders
  4 gnolls (D:3)
  2 giant mites
  4 worms
  An orc (D:3)
  13 bats
  7 goblins
  14 hobgoblins
  13 kobolds
  A quokka (D:3)
  6 giant cockroaches
  4 giant geckos
  8 giant newts
  9 jackals
  9 rats
109 creatures vanquished.

Notes
Turn   | Place    | Note
--------------------------------------------------------------
     0 | D:1      | Kashira, the Naga Enchanter, began the quest for the Orb.
     0 | D:1      | Reached XP level 1. HP: 15/15 MP: 3/3
    66 | D:1      | Reached XP level 2. HP: 16/22 MP: 2/4
   803 | D:1      | Reached XP level 3. HP: 28/28 MP: 6/6
  1003 | D:2      | Found a shimmering altar of Xom.
  1078 | D:2      | Noticed Jessica
  1087 | D:2      | Killed Jessica
  1094 | D:2      | Reached XP level 4. HP: 36/36 MP: 8/8
  1099 | D:2      | Learned a level 3 spell: Dazzling Spray
  1103 | D:2      | Learned a level 3 spell: Confuse
  1490 | D:2      | Found a shimmering altar of Xom.
  1927 | D:3      | Noticed a giant frog
  1933 | D:3      | Killed a giant frog
  1933 | D:3      | Reached XP level 5. HP: 16/43 MP: 2/11
  2354 | D:3      | Reached skill level 1 in Fighting
  2392 | D:3      | Reached XP level 6. HP: 49/51 MP: 2/12
  2711 | D:3      | Reached skill level 1 in Conjurations
  3215 | D:3      | Found a sparkling altar of Nemelex Xobeh.
  3443 | D:4      | Noticed Eustachio
  3547 | D:4      | Noticed Prince Ribbit
  3838 | D:4      | Found a white marble altar of Elyvilon.
  3843 | D:4      | Reached skill level 1 in Maces & Flails
  3846 | D:4      | Found an ancient bone altar of Kikubaaqudgha.
  3922 | D:4      | Noticed Menkaure
  3935 | D:4      | Killed Menkaure
  3935 | D:4      | Reached XP level 7. HP: 57/57 MP: 12/15
  3972 | D:4      | Killed from afar by an orc wizard

Action                   |  1- 3 |  4- 6 |  7- 9 || total
-------------------------+-------+-------+-------++-------
Melee: Dagger            |    44 |       |       ||    44
       Whip              |    20 |    80 |     3 ||   103
 Cast: Corona            |    17 |       |       ||    17
       Dazzling Spray    |       |    43 |       ||    43
       Confuse           |       |     8 |     3 ||    11
 Abil: Spit Poison       |    39 |    74 |     1 ||   114
Evoke: Wand              |       |     3 |       ||     3
  Use: Scroll            |       |     3 |     2 ||     5
 Stab: Sleeping          |     1 |     2 |       ||     3
       Invisible         |       |     1 |       ||     1
       Confused          |       |     1 |       ||     1
  Eat: Chunk             |     2 |    21 |       ||    23
